 Dungeon Crawl Stone Soup version 0.18-a0-1621-g42870ea (webtiles) character file.

306 Fuzzwah the Chopper (level 6, -2/56 HPs)
             Began as a Minotaur Berserker on Mar 23, 2016.
             Was a Believer of Trog.
             Slain by a scorpion (8 damage)
             ... on level 4 of the Dungeon.
             The game lasted 00:07:48 (2631 turns).

Fuzzwah the Chopper (Minotaur Berserker)            Turns: 2631, Time: 00:07:49

Health: -2/56      AC:  3    Str: 21    XL:     6   Next: 16%
Magic:  5/5        EV:  9    Int:  4    God:    Trog [**....]
Gold:   145        SH:  7    Dex: 12    Spells: 0 memorised, 5 levels left

rFire  . . .     SeeInvis .     a - +0 hand axe
rCold  . . .     Gourm    .     b - +0 animal skin
rNeg   . . .     Faith    .     l - +0 shield
rPois  .         Spirit   .     (helmet restricted)
rElec  .         Dismiss  .     f - +0 cloak
rCorr  .         Reflect  .     (no gloves)
SustAt .         Harm     .     (no boots)
MR     ++...                    (no amulet)
Stlth  +.........               (no ring)
                                (no ring)

@: lethally poisoned (-2 -> -3), exhausted, regenerating, slowed, very slow,
very resistant to hostile enchantments, very unstealthy
A: retaliatory headbutt, horns 2
a: Berserk, Trog's Hand, Burn Spellbooks, Renounce Religion


You were on level 4 of the Dungeon.
You worshipped Trog.
Trog was pleased with you.
You were not hungry.

You visited 1 branch of the dungeon, and saw 4 of its levels.

You collected 145 gold pieces.

Inventory:

Hand Weapons
 a - a +0 hand axe (weapon)
 u - a +2 vampiric short sword {!w}
   (You found it on level 4 of the Dungeon)
Armour
 b - a +0 animal skin (worn)
 f - a +0 cloak (worn)
   (You found it on level 1 of the Dungeon)
 l - a +0 shield (worn)
   (You found it on level 2 of the Dungeon)
Jewellery
 n - an uncursed ring of magical power {unknown}
   (You found it on level 3 of the Dungeon)
Scrolls
 d - 2 scrolls of identify {unknown}
 e - 3 scrolls of fog {unknown}
 g - 7 scrolls of remove curse {unknown}
 k - a scroll of recharging {unknown}
 q - a scroll of fear {unknown}
 r - a scroll of amnesia {unknown}
 t - a scroll of enchant weapon {unknown}
Potions
 h - a potion of beneficial mutation {unknown}
 i - a potion of agility {unknown}
 j - 2 potions of curing
 m - a potion of might {unknown}
 s - 2 potions of haste {unknown}
Comestibles
 c - 4 bread rations {@e1}
 o - a meat ration {@e2}
 p - 5 fruits


   Skills:
 + Level 5.0 Fighting
 * Level 6.4 Axes
 + Level 4.6 Armour
 - Level 2.3 Dodging


You had 5 spell levels left.
You didn't know any spells.

Dungeon Overview and Level Annotations

Branches:
Dungeon (4/15)
 Temple: D:4-7

Altars:
Cheibriados
Elyvilon
Kikubaaqudgha
Makhleb
Nemelex Xobeh
Ru
Xom


Innate Abilities, Weirdness & Mutations

You reflexively headbutt those who attack you in melee.
You have a pair of horns on your head.


Message History

You hit Eustachio. Your headbutt misses Eustachio. You closely miss Eustachio.
Eustachio closely misses you. You furiously retaliate!
You headbutt Eustachio. You slash Eustachio!
Eustachio hits you with a falchion.
You take 5 damage, and have 65/70 hp.
You slash Eustachio! You headbutt Eustachio! You hit Eustachio.
You are no longer berserk.
You are exhausted.
You feel yourself slow down. Eustachio hits you with a falchion.
You now have 40/47 hp.
You miss Eustachio. You headbutt Eustachio. Eustachio hits you with a falchion!
You take 6 damage, and have 34/47 hp.
Your shield prevents you from hitting Eustachio.
Eustachio closely misses you. Eustachio barely misses you.
You furiously retaliate!
You headbutt Eustachio.
You kill Eustachio!
Trog accepts your kill.
Trog appreciates your killing of a magic user.
Your Fighting skill increases to level 5!
Your Axes skill increases to level 6!
Your Armour skill increases to level 4!
You have reached level 6!
Your experience leads to an increase in your attributes!
Increase (S)trength, (I)ntelligence, or (D)exterity?
You feel agile.
You regained 5 hp, and now have 39/56 hp.
MP restored: 5 The adder bites you. The scorpion stings you!
The adder misses you. You block the scorpion's attack.
Items here: ! ) [ † a falchion; a runed leather armour; a murky inky potion the human corpse of Eustachio You take 10 damage, and have 29/56 hp.
You hit the scorpion but do no damage. Your headbutt misses the scorpion.
You barely miss the adder. You block the adder's attack.
You block the scorpion's attack. You block the adder's attack.
The scorpion stings you.
You are poisoned.
The scorpion poisons you! The adder bites you but does no damage.
You take 3 damage, and have 26/56 hp.
You feel sick. The adder barely misses you. You furiously retaliate!
You headbutt the adder!
You take 2 damage, and have 24/56 hp.
You feel sick.
You take 1 damage, and have 23/56 hp.
You hit the adder.
You kill the adder!
Trog accepts your kill.
You feel sick.
You take 2 damage, and have 21/56 hp.
You slash the scorpion!
You feel sick. You block the scorpion's attack. x2
You barely miss the scorpion. You headbutt the scorpion.
You feel sick. The scorpion stings you!
* * * LOW HITPOINT WARNING * * *
You are lethally poisoned!
The scorpion poisons you! The scorpion barely misses you.
You take 11 damage, and have 10/56 hp.
You're too exhausted to go berserk.
You closely miss the scorpion.
* * * LOW HITPOINT WARNING * * *
You feel sick. The scorpion barely misses you.
You take 2 damage, and have 8/56 hp.
Your skin crawls.
You feel resistant to hostile enchantments.
You feel slightly more hungry.
You feel sick.
The scorpion stings you but does no damage.
The scorpion stings you.
* * * LOW HITPOINT WARNING * * *
You are more poisoned.
The scorpion poisons you!
You take 5 damage, and have 3/56 hp.
Drink which item? (? for menu, Esc to quit)
It was a potion of curing.
You feel better. You block the scorpion's attack.
You regained 12 hp, and now have 15/56 hp.
You hit the scorpion but do no damage. The scorpion barely misses you.
The scorpion stings you.
* * * LOW HITPOINT WARNING * * *
You take 2 damage, and have 13/56 hp.
You hit the scorpion. Your headbutt misses the scorpion.
The scorpion stings you.
* * * LOW HITPOINT WARNING * * *
You are poisoned.
The scorpion poisons you! The scorpion stings you.
* * * LOW HITPOINT WARNING * * *
You are more poisoned.
The scorpion poisons you!
You take 4 damage, and have 9/56 hp.
You hit the scorpion.
You headbutt the scorpion, but do no damage.
You feel the effects of Trog's Hand fading.
You feel very sick. You block the scorpion's attack.
You take 1 damage, and have 8/56 hp.
You hit the scorpion. Your headbutt misses the scorpion.
You feel very sick. The scorpion barely misses you. You furiously retaliate!
You headbutt the scorpion, but do no damage.
The scorpion stings you!
You die...

..[ #..## ###...#
...... #...# #..#
#)# #s# #@# #+# #.#
######.### #.#
#........# #.#
#........# ###
##.###..##....###.#
#...##..#.....##.#.
#...............###
#...##..###....## #
######........#.###


You could see a scorpion.

Vanquished Creatures
  Eustachio (D:4)
  An iguana (D:4)
  A worker ant (D:4)
  A gnoll (D:1)
  4 adders
  2 oozes
  A worm (D:3)
  A dart slug (D:1)
  3 giant geckos
  An orc (D:4)
  A ball python (D:1)
  6 bats
  6 giant cockroaches
  4 goblins (D:1)
  6 hobgoblins
  3 jackals (D:3)
  4 kobolds
  A quokka (D:1)
  5 giant newts
  A jackal skeleton (D:4)
  2 rats
55 creatures vanquished.

Notes
Turn   | Place    | Note
--------------------------------------------------------------
     0 | D:1      | Fuzzwah the Minotaur Berserker began the quest for the Orb.
     0 | D:1      | Reached XP level 1. HP: 19/19 MP: 0/0
   144 | D:1      | Reached XP level 2. HP: 21/27 MP: 1/1
   171 | D:1      | Reached skill level 4 in Axes
   179 | D:1      | Reached skill level 4 in Fighting
   689 | D:1      | Reached skill level 3 in Armour
   689 | D:1      | Reached XP level 3. HP: 33/33 MP: 2/2
   789 | D:2      | Reached ** piety under Trog
   963 | D:2      | Reached XP level 4. HP: 31/40 MP: 3/3
  1118 | D:2      | Found a sparkling altar of Nemelex Xobeh.
  1260 | D:2      | Found a burning altar of Makhleb.
  1450 | D:3      | Found a snail-covered altar of Cheibriados.
  1450 | D:3      | Found a white marble altar of Elyvilon.
  1451 | D:3      | Found an ancient bone altar of Kikubaaqudgha.
  1475 | D:3      | Reached skill level 5 in Axes
  1793 | D:3      | Found a sacrificial altar of Ru.
  1949 | D:3      | Found a shimmering altar of Xom.
  1949 | D:3      | Found a shimmering altar of Xom.
  2093 | D:3      | Found a shimmering altar of Xom.
  2182 | D:4      | HP: 10/41 [poisoned by a worker ant]
  2183 | D:4      | Reached XP level 5. HP: 11/47 MP: 4/4
  2602 | D:4      | Noticed Eustachio
  2617 | D:4      | Killed Eustachio
  2617 | D:4      | Reached skill level 5 in Fighting
  2617 | D:4      | Reached skill level 6 in Axes
  2617 | D:4      | Reached skill level 4 in Armour
  2617 | D:4      | Reached XP level 6. HP: 39/56 MP: 5/5
  2624 | D:4      | HP: 10/56 [scorpion (10)]
  2626 | D:4      | HP: 3/56 [scorpion (5)]
  2631 | D:4      | HP: 6/56 [poisoned by a scorpion]
  2631 | D:4      | Slain by a scorpion

Vault maps used:
D:1:      arrival_zaba_pyramid, lemuel_another_geyser
D:2:      lightli_temple_of_fire, first_bread, kennysheep_nub,
          nemelex_diamond_rough_becter
D:3:      nicolae_ru_awakened_eye, xom_redecorated,
          gammafunk_temple_overflow_claw, hangedman_decor_riveting
D:4:      serial_shops, kennysheep_little_box, uniq_eustachio

Skill      XL: |  1  2  3  4  5 |
---------------+----------------+-----
Axes           | 4 5 6 |  6.4
Fighting       | 4 5 |  5.0
Armour         | 3 4 |  4.6
Dodging        | |  2.3

Action                   |  1- 3 |  4- 6 || total
-------------------------+-------+-------++-------
Melee: Hand axe          |    64 |    82 ||   146
Invok: Berserk           |       |     1 ||     1
       Trog's Hand       |       |     1 ||     1
  Use: Potion            |       |     1 ||     1
 Stab: Sleeping          |     1 |       ||     1
  Eat: Chunk             |       |     4 ||     4
       Meat ration       |       |     1 ||     1

Vault maps used:
D:1:      arrival_zaba_pyramid, lemuel_another_geyser
D:2:      lightli_temple_of_fire, first_bread, kennysheep_nub,
          nemelex_diamond_rough_becter
D:3:      nicolae_ru_awakened_eye, xom_redecorated,
          gammafunk_temple_overflow_claw, hangedman_decor_riveting
D:4:      serial_shops, kennysheep_little_box, uniq_eustachio

Table legend:
 A = Turns spent in this place as a percentage of turns spent in the entire game.
 B = Non-inter-level travel turns spent in this place as a percentage of non-inter-level travel turns spent in the entire game.
 C = Inter-level travel turns spent in this place as a percentage of turns spent in this place.
 D = Turns resting spent in this place as a percentage of non-inter-level travel turns spent in this place.
 E = Turns spent auto-exploring this place as a percentage of non-inter-level travel turns spent in this place.
 F = Non-inter-level travel turns spent in this place divided by the number of levels of this place that you've seen.
                   A       B       C       D       E      F
               +-------+-------+-------+-------+-------+----------------------
         Total | 100.0 | 100.0 |   1.3 |   1.5 |  21.0 | 117.8
       Dungeon | 100.0 | 100.0 |   1.3 |   1.5 |  21.0 | 117.8
               +-------+-------+-------+-------+-------+----------------------

Table legend:
 A = Kills in this place as a percentage of kills in entire the game.
 B = Kills by you in this place as a percentage of kills by you in the entire game.
 C = Kills by friends in this place as a percentage of kills by friends in the entire game.
 D = Other kills in this place as a percentage of other kills in the entire game.
 E = Experience gained in this place as a percentage of experience gained in the entire game.
 F = Experience gained in this place divided by the number of levels of this place that you have seen.
                   A       B       C       D       E      F
               +-------+-------+-------+-------+-------+----------------------
         Total | 100.0 | 100.0 |  -nan |  -nan | 100.0 | 109.5
       Dungeon | 100.0 | 100.0 |  -nan |  -nan | 100.0 | 109.5
               +-------+-------+-------+-------+-------+----------------------
